 Dungeon Crawl Stone Soup version 0.26-a0-54-g15ccc7a (webtiles) character file.

Game seed: 4240670860647159879

257 Firecrotchwizard the Firebug (level 6, -4/32 HPs)
             Began as a Gargoyle Fire Elementalist on June 7, 2020.
             Killed by divine providence
             ... invoked by an orc priest
              (16 damage)
             ... on level 4 of the Dungeon.
             The game lasted 00:09:40 (4038 turns).

Firecrotchwizard the Firebug (GrFE)                 Turns: 4038, Time: 00:09:41

Health: -4/32      AC:  6    Str: 11    XL:     6   Next: 16%
Magic:  4/11       EV: 12    Int: 18    God:
Gold:   117        SH:  0    Dex: 10    Spells: 1/11 levels left

rFire    . . .     SeeInvis .   i - +5 club
rCold    . . .     Gourm    .   (no shield)
rNeg     + . .     Faith    .   a - +0 robe
rPois    ∞         Spirit   .   (no helmet)
rElec    +         Reflect  .   (no cloak)
rCorr    .         Harm     .   (no gloves)
MR       ++...     Clarity  +   (no boots)
Stlth    ++........             (no amulet)
HPRegen  0.10/turn              (no ring)
MPRegen  0.12/turn              (no ring)

@: about to teleport
A: clarity, magic resistance 2, negative energy resistance 1, electricity
resistance, wild magic 1, unbreathing, petrification resistance, rot immunity,
AC +4
a: no special abilities


You were on level 4 of the Dungeon.
You were not hungry.

You visited 1 branch of the dungeon, and saw 4 of its levels.

You collected 117 gold pieces.

Inventory:

Hand Weapons
 h - a +0 dagger
   (You took it off a goblin on level 1 of the Dungeon)
 i - a +5 club (weapon)
   (You took it off Jessica on level 2 of the Dungeon)
Armour
 a - a +0 robe (worn)
Jewellery
 p - an uncursed ring of ice {rC+, rF-}
   (You found it on level 3 of the Dungeon)
Wands
 b - a wand of disintegration (13)
   (You found it on level 3 of the Dungeon)
 o - a wand of acid (6)
   (You found it on level 3 of the Dungeon)
 x - a wand of polymorph (8)
   (You found it on level 4 of the Dungeon)
Scrolls
 m - 2 scrolls of remove curse
 n - 3 scrolls of amnesia
 t - 2 scrolls of identify
 y - a scroll of fog {unknown}
Potions
 d - a potion of ambrosia {unknown}
 e - 2 potions of curing
 f - a potion of stabbing
 g - a potion of might {unknown}
 j - 2 potions of mutation {!q}
 k - 2 potions of berserk rage {unknown}
 l - a potion of degeneration {unknown}
 q - a potion of brilliance {unknown}
 r - a potion of haste {unknown}
 s - a potion of lignification {unknown}
 w - a potion of heal wounds {unknown}
Comestibles
 c - 5 rations
 v - 3 chunks of flesh {@w0}


   Skills:
 - Level 1.5 Dodging
 - Level 2.2 Stealth
 + Level 3.4 Spellcasting
 + Level 4.3 Conjurations
 + Level 4.3 Fire Magic


You had one spell level left.
You knew the following spells:

 Your Spells              Type           Power        Failure   Level  Hunger
a - Foxfire               Conj/Fire      ###.         4%          1    None
f - Fireball              Conj/Fire      ###.......   67%         5    ######.
s - Sticky Flame          Conj/Fire      ###.....     34%         4    ####...

Your spell library contained the following spells:

 Spells                   Type           Power        Failure   Level  Hunger
 Conjure Flame            Conj/Fire      ###.....     12%         3    ###....
 Inner Flame              Hex/Fire       ##......     26%         3    ###....


Dungeon Overview and Level Annotations

Branches:
Dungeon (4/15)
 Temple: D:4-7

Altars:
Ashenzari
Qazlal
Wu Jian
The Shining One

Annotations:
D:2 exclusion: worm, Sigmund
D:4 2 transporters, Pikel; coolguy69's ghost, amateur VSTm


Innate Abilities, Weirdness & Mutations

You are resistant to torment.
Your stone body is resilient. (AC +4)
You are immune to poison.
You resist negative energy. (rN+)
You are resistant to electric shocks. (rElec)
You can survive without breathing.
You are immune to petrification.
You are immune to rotting.
You possess an exceptional clarity of mind.
You are highly resistant to hostile enchantments. (MR++)
Your spells are a little harder to cast, but a little more powerful.


Message History

You miscast Foxfire.
You are very lightly contaminated with residual magic.
Nothing appears to happen.
You now have 8/11 mp.
You conjure some foxfire!
The orc barely misses you.
You now have 7/11 mp.
The foxfire hits the orc.
You conjure some foxfire!
The foxfire hits the orc.
The orc throws a stone.
The stone barely misses you.
You conjure some foxfire!
You now have 6/11 mp.
The foxfire hits the orc but does no damage.
The foxfire hits the orc.
You kill the orc!
You see here a stone.
You conjure some foxfire!
You now have 5/11 mp.
The foxfire hits the orc.
You kill the orc!
An orc priest comes into view. It is wielding a +0 dagger.
The orc priest shouts!
The foxfire hits the orc priest but does no damage.
The orc priest moves out of view.
An orc priest comes into view. It is wielding a +0 flail.
Things that are here:
a +0 antimagic spear; a +0 leather armour There isn't anything to butcher here.
You conjure some foxfire!
The orc priest shouts!
An orc comes into view. It is wielding a +0 dagger.
You now have 4/11 mp.
The foxfire hits the orc priest. x2
The orc priest begins to cast a cantrip, but forgets the words!
You conjure some foxfire!
The orc priest looks braver for a moment.
The orc priest looks satisfied for a moment.
You now have 4/11 mp.
The foxfire hits the orc priest but does no damage.
The foxfire hits the orc priest!
You conjure some foxfire!
You now have 3/11 mp.
The foxfire hits the orc priest!
You kill the orc priest!
You hear a shout!
Coolguy69's ghost whispers, "Soon you will have time, lots of time..."
Your magical contamination has completely faded away.
An orc priest comes into view. It is wielding a +0 flail.
You conjure some foxfire!
You now have 3/11 mp.
Your foxfire hits something.
The orc shouts!
The orc priest calls down the wrath of Beogh upon you.
You barely resist.
The orc priest hits you but does no damage.
The orc priest looks encouraged for a moment.
You hit the orc priest.
The orc priest hits you but does no damage.
The orc priest closely misses you.
You barely miss the orc priest.
The orc priest calls upon Beogh to heal the orc.
The orc's wounds heal themselves!
The orc completely misses you. The orc priest closely misses you.
You barely miss the orc priest. The orc hits you but does no damage.
The orc priest hits you but does no damage.
The orc priest invokes the aid of Beogh against you.
Beogh smites you!
The orc priest casts a cantrip, but nothing happens.
You take 15 damage, and have 17/32 hp.
MASSIVE DAMAGE!!
You conjure some foxfire!
The orc completely misses you. The orc priest closely misses you.
You now have 3/11 mp.
You hit the orc priest.
The foxfire hits the orc priest.
The orc hits you but does no damage.
The orc priest invokes the aid of Beogh against you.
Beogh smites you!
* * * LOW HITPOINT WARNING * * *
The orc barely misses you.
The orc priest hits you but does no damage.
You take 12 damage, and have 5/32 hp.
MASSIVE DAMAGE!!
As you read the scroll of teleportation, it crumbles to dust.
You feel strangely unstable. The orc hits you but does no damage.
The orc priest mumbles some strange prayers to Beogh against you.
Pain shoots through your body!
* * * LOW HITPOINT WARNING * * *
You take 3 damage, and have 2/32 hp.
It was a potion of mutation.
You feel extremely strange.
You feel resistant to hostile enchantments.
You feel more resistant to hostile enchantments.
You feel less in control of your magic.
Your thoughts seem clearer.
The orc hits you but does no damage.
The orc priest hits you but does no damage.
It was a potion of curing.
You feel better. The orc hits you but does no damage.
The orc priest invokes the aid of Beogh against you.
Beogh smites you!
Ouch! That really hurt!
You die...

###.#. # ... ..... ..#
... . ...###.# .......
...###......# #......
............#####......
#)....>...........
#oo#.v....o.v..... #o##
#o...# ##.... ##@#
#...)###.....
#.o#####§...##...<.
.####..#...§.....#....p
#.(.....................
#####...#...(....##.....
#....#..######..###....
#.####...######.# #....
........©.....##.# ##...
. ..#########..#.## ##..


You could see 3 orc priests and an orc.

Vanquished Creatures
  A slave (D:3)
  A howler monkey (D:4)
  A quasit (D:4)
  An orc priest (D:4)
  Jessica (D:2)
  A worker ant (D:4)
  An adder (D:3)
  3 worms
  2 dart slugs (D:1)
  A leopard gecko (D:1)
  4 orcs (D:4)
  13 giant cockroaches
  5 hobgoblins
  2 jackals (D:2)
  2 quokkas (D:2)
  4 ball pythons
  13 bats
  7 frilled lizards
  11 goblins
  6 kobolds
  7 rats
87 creatures vanquished.

Vanquished Creatures (collateral kills)
  A rat (D:2)
1 creature vanquished.

Vanquished Creatures (others)
  130 foxfires
130 creatures vanquished.

Grand Total: 218 creatures vanquished

Notes
Turn   | Place    | Note
-------+----------+-------------------------------------------
     0 | D:1      | Firecrotchwizard the Gargoyle Fire Elementalist began the
                  | quest for the Orb.
     0 | D:1      | Reached XP level 1. HP: 10/10 MP: 3/3
   512 | D:1      | Reached XP level 2. HP: 15/15 MP: 1/5
   725 | D:1      | Reached skill level 2 in Conjurations
  1170 | D:2      | Reached XP level 3. HP: 15/19 MP: 4/6
  1548 | D:2      | Found a shattered altar of Ashenzari.
  1696 | D:2      | Noticed Jessica
  1743 | D:2      | Killed Jessica
  1743 | D:2      | Reached skill level 3 in Conjurations
  1743 | D:2      | Reached XP level 4. HP: 23/24 MP: 3/7
  1884 | D:2      | Noticed a fire elemental
  1886 | D:2      | Found a stormy altar of Qazlal.
  1887 | D:2      | Noticed an earth elemental
  1887 | D:2      | Noticed a water elemental
  1887 | D:2      | Noticed an air elemental
  2269 | D:2      | Found an ornate altar of the Wu Jian Council.
  2401 | D:2      | Noticed Sigmund
  3113 | D:3      | Reached XP level 5. HP: 28/28 MP: 4/9
  3433 | D:3      | Learned a level 4 spell: Sticky Flame
  3468 | D:4      | Reached skill level 3 in Spellcasting
  3527 | D:4      | Noticed a slave
  3527 | D:4      | Noticed a slave
  3591 | D:4      | Found a glowing golden altar of the Shining One.
  3625 | D:4      | Noticed a slave
  3627 | D:4      | Noticed Pikel
  3636 | D:4      | Reached skill level 4 in Fire Magic
  3679 | D:3      | Killed a slave
  3799 | D:4      | Reached skill level 4 in Conjurations
  3830 | D:4      | Reached XP level 6. HP: 32/32 MP: 7/11
  3866 | D:4      | Learned a level 5 spell: Fireball
  3976 | D:4      | Noticed coolguy69's ghost (amateur VSTm)
  3979 | D:4      | Found a transporter.
  3987 | D:4      | Found a transporter.
  4035 | D:4      | HP: 5/32 [orc priest/divine providence (12)]
  4036 | D:4      | HP: 2/32 [orc priest/nerve-wracking pain (3)]
  4037 | D:4      | Gained mutation: You are resistant to hostile enchantments.
                  | (MR+) [potion of mutation]
  4037 | D:4      | Gained mutation: You are highly resistant to hostile
                  | enchantments. (MR++) [potion of mutation]
  4037 | D:4      | Gained mutation: Your spells are a little harder to cast,
                  | but a little more powerful. [potion of mutation]
  4037 | D:4      | Gained mutation: You possess an exceptional clarity of
                  | mind. [potion of mutation]
  4038 | D:4      | Killed from afar by an orc priest

Illustrated notes

Levels and vault maps discovered:
D:1:      lightli_arrival_boilingwater, layout_loops_ring
D:2:      minmay_inner_zag, layout_basic, nicolae_overflow_hidden_temple,
          nicolae_qazlal_style_of_elements, st_stairs_4,
          nicolae_ashenzari_panopticon, uniq_jessica, uniq_sigmund
D:3:      minmay_roachtagon, layout_rooms
D:4:      layout_rooms, lemuel_round_altar, gammafunk_ghost_arena, serial_shops,
          kennysheep_mini, first_ration, kennysheep_cluttered_room,
          trog_hazing_becter, uniq_pikel

Skill      XL: |  1  2  3  4  5 |
---------------+----------------+-----
Conjurations   | 2 3 4 |  4.3
Spellcasting   | 3 |  3.4
Fire Magic     | 4 |  4.3
Dodging        | |  1.5
Stealth        | |  2.2

Action                   |  1- 3 |  4- 6 || total
-------------------------+-------+-------++-------
Melee: Whip              |    98 |    62 ||   160
       Club              |       |    63 ||    63
 Cast: Foxfire           |    39 |    47 ||    86
  Use: Scroll            |     2 |     3 ||     5
       Potion            |       |     2 ||     2
 Stab: Sleeping          |     5 |     2 ||     7
  Eat: Chunk             |     3 |     8 ||    11
Armor: Robe              |    41 |    79 ||   120
Dodge: Dodged            |    91 |   136 ||   227

Table legend:
 A = Non-vault XP
 B = Vault XP
 C = Vault XP percentage of total XP
 D = Non-vault monster count
 E = Vault monster count
 F = Vault count percentage of total count
                 A         B        C        D         E       F
            +---------+---------+-------+---------+---------+-------
      Total |     300 |      68 |  18.5 |      69 |      18 |  20.7
            +---------+---------+-------+---------+---------+-------
        D:1 |      32 |       0 |   0.0 |      20 |       0 |   0.0
        D:2 |      48 |      48 |  50.0 |      29 |       8 |  21.6
        D:3 |      27 |      20 |  42.6 |       9 |      10 |  52.6
        D:4 |     193 |       0 |   0.0 |      11 |       0 |   0.0
            +---------+---------+-------+---------+---------+-------

Levels and vault maps discovered:
D:1:      lightli_arrival_boilingwater, layout_loops_ring
D:2:      minmay_inner_zag, layout_basic, nicolae_overflow_hidden_temple,
          nicolae_qazlal_style_of_elements, st_stairs_4,
          nicolae_ashenzari_panopticon, uniq_jessica, uniq_sigmund
D:3:      minmay_roachtagon, layout_rooms
D:4:      layout_rooms, lemuel_round_altar, gammafunk_ghost_arena, serial_shops,
          kennysheep_mini, first_ration, kennysheep_cluttered_room,
          trog_hazing_becter, uniq_pikel

Table legend:
 A = Turns spent in this place as a percentage of turns spent in the entire game.
 B = Non-inter-level travel turns spent in this place as a percentage of non-inter-level travel turns spent in the entire game.
 C = Inter-level travel turns spent in this place as a percentage of turns spent in this place.
 D = Turns resting spent in this place as a percentage of non-inter-level travel turns spent in this place.
 E = Turns spent auto-exploring this place as a percentage of non-inter-level travel turns spent in this place.
 F = Non-inter-level travel turns spent in this place divided by the number of levels of this place that you've seen.
                   A       B       C       D       E      F
               +-------+-------+-------+-------+-------+----------------------
         Total | 100.0 | 100.0 |   4.7 |  31.6 |  46.8 | 962.0
       Dungeon | 100.0 | 100.0 |   4.7 |  31.6 |  46.8 | 962.0
               +-------+-------+-------+-------+-------+----------------------

Table legend:
 A = Kills in this place as a percentage of kills in entire the game.
 B = Kills by you in this place as a percentage of kills by you in the entire game.
 C = Kills by friends in this place as a percentage of kills by friends in the entire game.
 D = Other kills in this place as a percentage of other kills in the entire game.
 E = Experience gained in this place as a percentage of experience gained in the entire game.
 F = Experience gained in this place divided by the number of levels of this place that you have seen.
                   A       B       C       D       E      F
               +-------+-------+-------+-------+-------+----------------------
         Total | 100.0 | 100.0 | 100.0 |   N/A | 100.0 |  92.0
       Dungeon | 100.0 | 100.0 | 100.0 |   N/A | 100.0 |  92.0
               +-------+-------+-------+-------+-------+----------------------
